 Dungeon Sprint DCSS version 0.29.0-13-gc9e81de378 (webtiles) character file.

Game seed: 2700267292196755639

4 ImASeal the Magician (level 2, -2/21 HPs)
             Began as a Djinni Fire Elementalist on Sept 8, 2022.
             Was an Initiate of Gozag.
             Slain by a white imp (6 damage)
             ... summoned by Eustachio
             ... in the Dungeon (Sprint VI: "Thunderdome").
             The game lasted 00:02:31 (212 turns).

ImASeal the Magician (Djinni Fire Elementalist)      Turns: 212, Time: 00:02:32

Health: -2/21      AC:  2    Str:  7    XL:     2   Next: 30%
Gold:   172        EV: 12    Int: 16    God:    Gozag SH:  0 Dex: 13

rFire   + + .      SeeInvis .   (no weapon)
rCold   x . .      Faith    .   (no shield)
rNeg    . . .      Spirit   .   a - +0 robe
rPois   ∞          Reflect  .   (no helmet)
rElec   .          Harm     .   (no cloak)
rCorr   .          Rampage  .   (no gloves)
Will    .....      NoTele   +   (boots unavailable)
Stlth   ++........              (no amulet)
HPRegen 0.07/turn               (no ring)
MPRegen 0.00/turn               (no ring)

@: flying
A: sickness immunity, fire resistance 2, cold vulnerability 1, float, innate
caster, HP casting, extra vitality 1
a: Renounce Religion, Potion Petition, Call Merchant, Bribe Branch


You were in the Dungeon.
You worshipped Gozag.
Gozag was aware of your devotion.
You visited 1 branch You collected 172 gold pieces.

Inventory:

Armour
 a - a +0 robe (worn)
Scrolls
 f - a scroll of blinking
Potions
 b - a potion of curing
 d - a potion of haste
 e - a potion of berserk rage


   Skills:
 + Level 2.6 Dodging
 + Level 1.9 Stealth
 + Level 3.8 Spellcasting


You couldn't memorise any spells.
You knew the following spells:

 Your Spells              Type           Power      Damage    Failure   Level
a - Foxfire               Conj/Fire      60%        2x1d7     3%          1
b - Scorch                Fire           30%        2d6       5%          2
c - Conjure Flame         Conj/Fire      15%        6-21      11%         3
d - Inner Flame           Hex/Fire       15%        N/A       11%         3
e - Flame Wave            Conj/Fire      15%        2d7       34%         4
Your spell library was empty.

Dungeon Overview and Level Annotations

Branches:
Dungeon (1/1)

Altars:
Fedhas
Gozag
Makhleb
Uskayaw
Wu Jian
Yredelemnul
Zin
The Shining One

Shops:
D **[(!!!!

Annotations:
D Eustachio


Innate Abilities, Weirdness & Mutations

You are immune to sickness and miasma.
You are immune to poison.
Your flesh is very heat resistant. (rF++)
You are vulnerable to cold. (rC-)
You float through the air rather than walking.
You learn spells naturally, not from books.
Your magical power is your life essence.
You have superior vitality. (+4 MHP)


Message History

Casting: Foxfire (safe; 3% risk of failure)
Confirm with . or Enter, or press ? or * to list all spells.
You conjure some foxfire!
Casting: Foxfire (safe; 3% risk of failure)
Confirm with . or Enter, or press ? or * to list all spells.
You conjure some foxfire!
* * * LOW HITPOINT WARNING * * *
The foxfire hits the iron imp.
The iron imp completely resists.
The foxfire hits the iron imp.
The iron imp completely resists.
The foxfire hits the iron imp but does no damage.
You feel much better.
The foxfire hits the iron imp but does no damage.
The crimson imp closely misses you.
Casting: Foxfire (safe; 3% risk of failure)
Confirm with . or Enter, or press ? or * to list all spells.
You don't know that spell.
Casting: Foxfire (safe; 3% risk of failure)
Confirm with . or Enter, or press ? or * to list all spells.
You don't know that spell.
The crimson imp blinks!
The iron imp hits you!
Eustachio screams, "At last I'll have my revenge!"
Eustachio hits you with a +0 rapier.
Casting: Foxfire (safe; 3% risk of failure)
Confirm with . or Enter, or press ? or * to list all spells.
You don't know that spell.
Casting: Foxfire (safe; 3% risk of failure)
Confirm with . or Enter, or press ? or * to list all spells.
You conjure some foxfire!
Eustachio barely misses you.
Casting: Foxfire (safe; 3% risk of failure)
Confirm with . or Enter, or press ? or * to list all spells.
You conjure some foxfire!
The foxfire hits Eustachio.
Eustachio is moderately wounded.
The foxfire hits the crimson imp but does no damage.
The iron imp hits you.
* * * LOW HITPOINT WARNING * * *
The white imp hits you.
* * * LOW HITPOINT WARNING * * *
The white imp freezes you.
You feel a terrible chill!
You die...
Your body crumbles into a pile of gold.

...8. #$8........∩##
......###......___∩##
#.8.........8.######
#⌠...........(#
###.........###
#.........#
#_......._#
#_5@5...._#
#∩.@v....∩#
##∩5v...∩## ##.....##
##⌠⌠⌠## #####


You could see Eustachio, an iron imp (summoned), a crimson imp (summoned, ally
target) and a white imp (summoned, ally target).

Vanquished Creatures
  An ufetubus (D)
  2 orcs (D)
  A kobold (D)
4 creatures vanquished.

Vanquished Creatures (others)
  43 foxfires (D)
43 creatures vanquished.

Grand Total: 47 creatures vanquished

Notes
Turn   | Place    | Note
-------+----------+-------------------------------------------
     0 | D        | ImASeal the Djinni Fire Elementalist began the quest for
                  | the Orb.
     0 | D        | ImASeal set off with the following spells memorised:
                  | Foxfire, Scorch, Conjure Flame, Inner Flame, Flame Wave.
     0 | D        | Reached XP level 1. HP: 15/15 MP: 0/0
     1 | D        | Found a glowing golden altar of the Shining One.
     1 | D        | Found an ornate altar of the Wu Jian Council.
     2 | D        | Found a blossoming altar of Fedhas.
     3 | D        | Found Foader's Do-It-Yourself Clinic.
     3 | D        | Found a hide-covered altar of Uskayaw.
     3 | D        | Found an opulent altar of Gozag.
     3 | D        | Found Dumof's Distillery.
     4 | D        | Found Ymuvou's Bottled Wisdom.
     4 | D        | Found Kulakh's Distillery.
     5 | D        | Round 1.
     8 | D        | Found a glowing silver altar of Zin.
    12 | D        | Became a worshipper of Gozag Ym Sagoz the Greedy
    22 | D        | Reached skill level 3 in Spellcasting
   103 | D        | Arena points: 4 (+4) [x1]
   118 | D        | Round 2.
   162 | D        | Found a basalt altar of Yredelemnul.
   167 | D        | Found Fafun's Weapon Rack.
   167 | D        | Found Mimitu's Basic Armour.
   168 | D        | Found Vituwieq's Miscellaneous Merchandise.
   169 | D        | Found a burning altar of Makhleb.
   169 | D        | Found Yrov's Premium Goods.
   175 | D        | Reached XP level 2. HP: 10/21 MP: 0/0
   198 | D        | Noticed Eustachio
   206 | D        | Noticed a crimson imp
   212 | D        | Slain by a white imp

Illustrated notes

Levels and vault maps discovered:
D:        arena_sprint

Skill      XL: |  1 |
---------------+----+-----
Spellcasting   | 3 |  3.8
Dodging        | |  2.6
Stealth        | |  1.9

Action                   || total
-------------------------++-------
 Cast: Foxfire           ||    24
  Use: Potion            ||     1
Dodge: Dodged            ||     2
